 Dungeon Crawl Stone Soup version 0.27.1-33-g824d729ab1 (webtiles) character file.

Game seed: 5370980937729662868

6439 jlumianski the Cleaver (level 10, -5/63 HPs)
             Began as a Gargoyle Monk on Dec 12, 2021.
             Was a Believer of Wu Jian.
             Slain by a death yak (12 damage)
             ... on level 9 of the Dungeon on Dec 13, 2021.
             The game lasted 00:51:01 (11912 turns).

jlumianski the Cleaver (Gargoyle Monk)             Turns: 11912, Time: 00:51:02

Health: -5/63      AC: 26    Str: 19    XL:     10   Next: 99%
Magic:  10/10      EV: 13    Int: 13    God:    Wu Jian [**....]
Gold:   604        SH:  0    Dex: 12    Spells: 8/9 levels left

rFire    . . .     SeeInvis .   D - +7 hand axe of Death's Door {vorpal, Int+3}
rCold    . . .     Faith    .   (no shield)
rNeg     + . .     Spirit   .   X - +3 ring mail
rPois    ∞         Reflect  .   (no helmet)
rElec    +         Harm     .   (no cloak)
rCorr    .         Rampage  .   e - +1 pair of gloves
Will     .....                  d - +2 pair of boots
Stlth    ++........             (no amulet)
HPRegen  0.20/turn              q - ring of wizardry
MPRegen  0.12/turn              T - +4 ring of protection

@: no status effects
A: sickness immunity, AC +7, negative energy resistance 1, electricity
resistance, torment resistance 1, petrification resistance
a: Renounce Religion, Wall Jump


You were on level 9 of the Dungeon.
You worshipped Wu Jian.
Wu Jian was pleased with you.
You visited 2 branches of the dungeon, and saw 11 of its levels.

You collected 604 gold pieces.

Inventory:

Hand Weapons
 D - the +7 hand axe of Death's Door (weapon) {vorpal, Int+3}
   (You found it on level 4 of the Dungeon)

   It inflicts extra damage upon your enemies.
   Int:       It affects your intelligence (+3).
 G - a +3 dagger of electrocution
 Q - a +2 short sword of draining
 R - a +2 hand crossbow of flaming
 S - a +5 dagger
Missiles
 c - 220 stones
 h - 70 poisoned darts (quivered)
 l - 14 boomerangs
 o - 59 sling bullets
 t - 49 bolts
 y - 6 curare-tipped darts
 P - 6 javelins
Armour
 d - a +2 pair of boots (worn)
 e - a +1 pair of gloves (worn)
 m - a +0 chain mail
 u - a +0 kite shield
 x - a +0 chain mail
 O - a +1 chain mail of fire resistance
 V - +0 steam dragon scales
 X - a +3 ring mail (worn)
Magical Staves
 i - a staff of earth
Jewellery
 j - a ring of fire
 q - a ring of wizardry (left hand)
 K - a ring of ice
 T - a +4 ring of protection (right hand)
 W - a +4 ring of evasion
 Y - a ring of protection from fire
 Z - a ring of resist corrosion
Wands
 f - a wand of charming (7)
 r - a wand of digging (4)
 F - a wand of flame (42)
 N - a wand of iceblast (7)
Scrolls
 a - a scroll of fear
 g - 2 scrolls of magic mapping
 k - 4 scrolls of teleportation
 n - 3 scrolls of vulnerability
 p - 3 scrolls of amnesia
 v - a scroll of blinking
 L - 2 scrolls of fog
 M - 2 scrolls of enchant weapon
Potions
 b - a potion of degeneration
 s - a potion of mutation
 w - a potion of lignification
 z - a potion of invisibility
 A - a potion of magic
 B - 3 potions of curing
 C - a potion of flight
 E - a potion of might
 H - a potion of brilliance
 I - a potion of haste
 J - a potion of heal wounds
 U - a potion of berserk rage


   Skills:
 + Level 7.4 Fighting
 + Level 9.5 Axes
 + Level 2.5 Crossbows
 + Level 2.6 Throwing
 + Level 7.0 Armour
 + Level 5.6 Dodging
 + Level 4.4 Stealth
 * Level 4.4 Poison Magic
 + Level 0.1 Evocations


You had 8 spell levels left.
You knew the following spells:

 Your Spells              Type           Power      Damage    Failure   Level
a - Sting                 Tmut/Pois      20%        1d4       9%          1

Your spell library contained the following spells:

 Spells                   Type           Power      Damage    Failure   Level
 Poisonous Vapours        Pois/Air       10%        N/A       12%         2
 Apportation              Tloc           0%         N/A       21%         1
 Olgreb's Toxic Radiance  Pois           11%        N/A       32%         4
 Hailstorm                Conj/Ice       0%         3d3       86%         4
 Ice Form                 Ice/Tmut       0%         N/A       86%         4
 Petrify                  Tmut/Erth      0%         N/A       86%         4
 Alistair's Intoxication  Tmut/Pois      3%         N/A       89%         5
 Irradiate                Conj/Tmut      0%         3d14      99%         5
 Invisibility             Hex            0%         N/A       100%        6
 Simulacrum               Ice/Necr       0%         N/A       100%        6
 Sublimation of Blood     Necr           Unusable   N/A       N/A         2

Dungeon Overview and Level Annotations

Branches:
Dungeon (10/15)            Temple (1/1) D:7            Lair (0/6) D:9
    Orc: D:9-12

Altars:
Ashenzari
Cheibriados
Dithmenos
Elyvilon
Fedhas
Gozag
Hepliaklqana
Kikubaaqudgha
Makhleb
Nemelex Xobeh
Okawaru
Qazlal
Ru
Sif Muna
Trog
Uskayaw
Vehumet
Wu Jian
Xom
Yredelemnul
Zin
The Shining One

Shops:
D:2 =   D:4 *   D:6 (


Innate Abilities, Weirdness & Mutations

You are immune to sickness and miasma.
Your stone body is resilient. (AC +7)
You are immune to poison.
You resist negative energy. (rN+)
You are resistant to electric shocks. (rElec)
You are resistant to unholy torment.
You are immune to petrification.


Message History

Aiming: Wall Jump
Press: ? - help, Dir - move target You repeatedly attack the death yak from above.
You hit the death yak.
The death yak is moderately wounded.
You hit the death yak but do no damage.
The death yak is moderately wounded.
The death yak gores you but does no damage.
The death yak gores you!
* * * LOW HITPOINT WARNING * * *
The death yak gores you but does no damage.
The death yak barely misses you.
Aiming: Wall Jump
Press: ? - help, Dir - move target You repeatedly attack the death yak from above.
You slash the death yak!
The death yak is lightly wounded.
You hit the death yak.
The death yak is moderately wounded.
The death yak gores you but does no damage.
The death yak barely misses you. The death yak completely misses you.
The death yak misses you.
Aiming: Wall Jump
Press: ? - help, Dir - move target You repeatedly attack the death yak from above.
You hit the death yak but do no damage.
The death yak is moderately wounded.
You hit the death yak.
The death yak is moderately wounded.
You repeatedly attack the howler monkey zombie from above.
You slash the howler monkey zombie!
The howler monkey zombie is moderately damaged.
You hit the howler monkey zombie.
The howler monkey zombie is severely damaged.
You hit the howler monkey zombie.
The howler monkey zombie is almost destroyed.
The death yak closely misses you. The death yak gores you!
* * * LOW HITPOINT WARNING * * *
The death yak gores you!
You die...

#...............# ...
#..........†....# ....
#...............# .....
#...............# .....
#...............#
.....#####...............##
...........######+######...
..$.....ZYY○....# #...#.
.........Y@#....# #...#.
.........Y°#....# #...#.
...........#...########..#.
.######.####...#......#..#.
...........#####......'..#.
#.....................####.
.Z.........................
...#.......................
.....>..#..................


You could see 4 death yaks and a howler monkey zombie.

Vanquished Creatures
  A two-headed ogre (D:8)
  A centaur warrior (D:9)
  Pikel (D:9)
  Sigmund (D:6)
  A wraith (D:4)
  A yak (D:4)
  A steam dragon (D:8)
  4 water moccasins
  2 necrophages
  A hornet zombie (D:7)
  A sky beast (D:6)
  2 black bears
  2 ogres (D:7)
  3 centaurs
  2 phantoms
  2 kobold brigands (D:7)
  3 lemures (D:9)
  Blork the orc (D:4)
  2 bullfrogs (D:8)
  A gnoll sergeant (D:9)
  2 wyvern zombies (D:5)
  A scorpion (D:4)
  7 killer bees
  15 wights
  A bullfrog zombie (D:5)
  3 centaur zombies
  3 jellies
  A bullfrog skeleton (D:6)
  A centaur skeleton (D:5)
  3 hounds
  An iguana (D:5)
  4 orc wizards
  A killer bee zombie (D:7)
  2 hound zombies (D:5)
  3 hound skeletons (D:4)
  7 adders
  4 gnolls (D:9)
  3 white imps
  An ufetubus (D:6)
  3 worms
  5 dart slugs
  24 orcs
  8 endoplasms
  6 giant cockroaches
  6 goblins
  6 hobgoblins
  3 jackals
  3 quokkas
  15 ball pythons
  4 bats
  3 frilled lizards
  20 kobolds
  3 rats
205 creatures vanquished.

Vanquished Creatures (others)
  An orc (D:4)
1 creature vanquished.

Grand Total: 206 creatures vanquished

Notes
Turn   | Place    | Note
-------+----------+-------------------------------------------
     0 | D:1      | jlumianski the Gargoyle Monk began the quest for the Orb.
     0 | D:1      | Reached XP level 1. HP: 14/14 MP: 1/1
    90 | D:1      | Reached XP level 2. HP: 17/19 MP: 2/2
   402 | D:2      | Found a shadowy altar of Dithmenos.
   407 | D:2      | Reached skill level 3 in Axes
   435 | D:2      | Reached XP level 3. HP: 23/24 MP: 3/3
  1317 | D:2      | Found Saepeucs's Jewellery Shop.
  1590 | D:2      | Reached XP level 4. HP: 26/29 MP: 4/4
  1638 | D:2      | Noticed a phantom
  1706 | D:2      | Killed a phantom
  1707 | D:2      | Reached skill level 4 in Axes
  1707 | D:2      | Reached XP level 5. HP: 17/33 MP: 5/5
  2629 | D:4      | Noticed a black bear
  3033 | D:3      | Found a faded altar of an unknown god.
  3931 | D:4      | Noticed Blork the orc
  4239 | D:3      | Reached XP level 6. HP: 36/38 MP: 6/6
  4319 | D:4      | Found Iwat Uda's Gadget Gallery.
  4377 | D:4      | Noticed an ice beast
  4797 | D:5      | Entered Level 5 of the Dungeon
  5028 | D:4      | Identified the +7 hand axe of Death's Door {vorpal, Int+3}
  5367 | D:4      | Killed Blork the orc
  5429 | D:4      | Killed a black bear
  5430 | D:4      | Reached skill level 5 in Axes
  5430 | D:4      | Reached XP level 7. HP: 31/44 MP: 7/7
  6035 | D:5      | Reached skill level 1 in Throwing
  6035 | D:5      | Reached skill level 1 in Armour
  6105 | D:5      | Reached XP level 8. HP: 36/48 MP: 8/8
  6106 | D:5      | Noticed a yak
  6191 | D:4      | Killed a yak
  6192 | D:4      | Reached skill level 5 in Fighting
  6192 | D:4      | Reached skill level 6 in Axes
  6241 | D:5      | Noticed a wraith
  6293 | D:4      | Killed a wraith
  6875 | D:5      | Reached skill level 7 in Axes
  7056 | D:5      | Reached XP level 9. HP: 51/55 MP: 9/9
  7640 | D:6      | Noticed Sigmund
  7647 | D:6      | Killed Sigmund
  7648 | D:6      | Reached skill level 5 in Armour
  8046 | D:6      | Learned a level 1 spell: Sting
  8175 | D:6      | Found Enypa's Antique Weapon Shop.
  8322 | D:6      | Found a glowing golden altar of the Shining One.
  8615 | D:7      | Reached skill level 5 in Dodging
  8684 | D:8      | Reached skill level 1 in Poison Magic
  8886 | D:7      | Reached skill level 8 in Axes
  9097 | D:7      | Reached XP level 10. HP: 48/61 MP: 10/10
  9165 | D:7      | Found a staircase to the Ecumenical Temple.
  9202 | Temple   | Entered the Ecumenical Temple
  9317 | Temple   | Became a worshipper of the Wu Jian Council
  9317 | Temple   | Reached * piety under Wu Jian
  9317 | Temple   | Reached ** piety under Wu Jian
  9906 | D:8      | Reached skill level 1 in Crossbows
  9934 | D:8      | Reached skill level 9 in Axes
 10314 | D:8      | Noticed a two-headed ogre
 10339 | D:8      | Killed a two-headed ogre
 11174 | D:9      | Noticed Pikel
 11188 | D:9      | Killed Pikel
 11242 | D:10     | Entered Level 10 of the Dungeon
 11565 | D:9      | Noticed a centaur warrior
 11576 | D:9      | Killed a centaur warrior
 11893 | D:9      | Noticed a death yak
 11894 | D:9      | Found a staircase to the Lair.
 11896 | D:9      | Noticed a death yak
 11896 | D:9      | Noticed a death yak
 11896 | D:9      | Noticed a death yak
 11912 | D:9      | Slain by a death yak

Illustrated notes

Levels and vault maps discovered:
D:1:      saegor_arrival_under_anarchy, layout_basic, minmay_pentomino_p4
D:2:      minmay_razor_zed, layout_basic, serial_shops,
          nicolae_shop_statue_plus, basic_altar, kennysheep_decorative_pillar
D:3:      layout_basic, hellmonk_ecumenical_altar_heavens_door,
          amcnicky_mini_corridor_feature, wander_ebering_terrifying_dragon_lair
D:4:      layout_layer_cave, nicolae_shop_gadgets, uniq_blork_the_orc
D:5:      cheibrodos_fzero, layout_basic
D:6:      layout_loops_ring, kennysheep_mini, serial_shops,
          kennysheep_little_box, uniq_sigmund
D:7:      layout_basic, minmay_temple_entry_junction
D:8:      layout_rooms, serial_co_window_serial, co_window_corner_a,
          co_window_of_opportunity_a, co_window_paths_b,
          co_window_of_opportunity_a, co_window_corner_a, co_window_2corner,
          co_window_corner_b, co_window_paths_c, co_window_sun,
          co_window_4corner_b, glass_columns_a
D:9:      layout_gridville, dpeg_lair_monsters, uniq_pikel
D:10:     layout_loops_ring
Temple:   compressed_dpeg_circular_temple

Skill      XL: |  1  2  3  4  5  6  7  8  9 10 |
---------------+-------------------------------+-----
Axes           | 3 4 5 7 8 9 |  9.5
Fighting       | 4 5 6 7 |  7.4
Dodging        | 3 4 5 |  5.6
Stealth        | 3 4 |  4.4
Throwing       | 1 2 |  2.6
Armour         | 2 4 5 7 |  7.0
Poison Magic   | 2 4 |  4.4
Crossbows      | 2 |  2.5
Evocations     | |  0.1

Action                   |  1- 3 |  4- 6 |  7- 9 | 10-12 || total
-------------------------+-------+-------+-------+-------++-------
Melee: Hand axe          |   159 |   236 |   251 |   159 ||   805
 Fire: Hand crossbow     |       |       |       |    22 ||    22
Throw: Stone             |     6 |       |       |       ||     6
       Dart              |     3 |     8 |    15 |     1 ||    27
       Boomerang         |       |     5 |       |       ||     5
 Cast: Sting             |       |       |       |     1 ||     1
Invok: Whirlwind         |       |       |       |    13 ||    13
       Lunge             |       |       |       |    11 ||    11
 Abil: Wall Jump         |       |       |       |     9 ||     9
Evoke: Wand              |       |     1 |       |       ||     1
  Use: Scroll            |     2 |     9 |     7 |     5 ||    23
       Potion            |       |     4 |     2 |       ||     6
 Stab: Sleeping          |     5 |     6 |       |     3 ||    14
       Distracted        |     1 |       |       |       ||     1
Armor: Robe              |    61 |    95 |       |       ||   156
       Skin              |       |    17 |       |       ||    17
       Scale mail        |       |    20 |   184 |    40 ||   244
       Ring mail         |       |       |       |    50 ||    50
Dodge: Dodged            |    86 |   157 |   198 |    78 ||   519
